 Dungeon Crawl Stone Soup version 0.15.1-1-gfacfea3 (webtiles) character file.

680802 Kex the Phalangite (level 27, -22/256 (261) HPs)
             Began as a Minotaur Berserker on Sept 24, 2014.
             Was a Priest of Trog.
             Killed from afar by an ancient lich (54 damage)
             ... with a crystal spear
             ... on Level 5 of the Realm of Zot on Sept 26, 2014.
             The game lasted 09:46:27 (76105 turns).

Kex the Phalangite (Minotaur Berserker)            Turns: 76105, Time: 09:46:27

HP -22/256 (261) AC 48     Str 35      XL: 27
MP  34/34        EV 31     Int  7      God: Trog [***...]
Gold 4528        SH 11     Dex 27      Spells:  0 memorised, 28 levels left

rFire  + + +     SeeInvis .     V - +8 trident of the Octopus King {venom, rElec rPois MR+}
rCold  + + .     Clarity  .     A - +15 Maxwell's patent armour {rC+ rF+, -Cast -Tele MR+}
rNeg   . . .     rCorr    +     S - +0 buckler {AC+3}
rPois  +         rRot     .     w - +0 hat
rElec  +         Spirit   .     J - +1 cloak {MR+}
SustAb .         Warding  .     T - +1 pair of gloves {Dex+3}
rMut   +         NoTele   +     n - +0 pair of boots
Gourm  .         NoCast   +     U - amulet of resist mutation
MR     +++++                    v - ring of protection from fire
                                W - ring of Ryzemamp {Str+1 Dex+5 Int+3}

@: mighty, agile, exhausted, resistant, very slightly contaminated, hasted and
slowed, heavily drained, invisible, almost entirely resistant to hostile
enchantments, extremely unstealthy
A: retaliatory headbutt, horns 2, yellow scales 1, blurry vision 2, low mp 1,
slow healing 1, weak 1
a: Burn Spellbooks, Berserk, Trog's Hand, Renounce Religion
}: 3/15 runes: decaying, silver, gossamer


You were on level 5 of the Realm of Zot.
You worshipped Trog.
Trog was most pleased with you.
You were near starving.

You visited 9 branches of the dungeon, and saw 55 of its levels.
You visited the Abyss 2 times.
You also visited: Sewer and Wizlab.

You collected 8375 gold pieces.
You spent 3847 gold pieces at shops.

Inventory:

Hand weapons
 O - a +4 sacred scourge of holy wrath
 V - the +8 trident of the Octopus King (weapon) {venom, rElec rPois MR+}
   (You took it off a deep elf death mage on level 3 of the Elven Halls)

   It poisons the flesh of those it strikes.
   It insulates you from electricity.
   It protects you from poison.
   It affects your resistance to hostile enchantments.
Armour
 n - a +0 pair of boots (worn)
 w - a +0 hat (worn)
 A - the +15 Maxwell's patent armour (worn) {rC+ rF+, -Cast -Tele MR+}
   (You acquired it on level 4 of the Depths)

   It affects your resistance to hostile enchantments.
   It prevents spellcasting.
   It prevents most forms of teleportation.
 D - a +9 gold dragon armour
 J - a +1 cloak of magic resistance (worn)
 M - a +1 cloak of darkness
 S - a +0 buckler of protection (worn)
 T - a +1 pair of gloves of dexterity (worn)
Magical devices
 b - a wand of heal wounds (4)
 k - a wand of disintegration (10)
 y - a wand of teleportation (9)
 B - a wand of digging (11)
Comestibles
 c - 27 bread rations
 p - 14 beef jerkies
 r - 6 royal jellies
 t - 8 slices of pizza
 Y - 3 fruits
Scrolls
 a - 2 scrolls of magic mapping
 d - 3 scrolls of silence
 e - 12 scrolls of remove curse
 f - 5 scrolls of blinking
 g - 13 scrolls of fear
 h - 31 scrolls of teleportation
 q - 3 scrolls of holy word
 u - 2 scrolls of identify
 L - a scroll of recharging
 R - 4 scrolls of fog
Jewellery
 i - the ring "Greuhax" {rPois rN+}
   (You found it on level 4 of the Swamp)

   [ring of positive energy]

   It protects you from poison.
   It protects you from negative energy.
 v - a ring of protection from fire (right hand)
 x - an uncursed amulet of faith
 E - a +2 ring of protection {unknown}
 K - an uncursed ring of protection from magic
 Q - an uncursed ring of protection from cold
 U - an amulet of resist mutation (around neck)
 W - the ring of Ryzemamp (left hand) {Str+1 Dex+5 Int+3}
   (You found it on level 12 of the Dungeon)

   [ring of intelligence]

   It affects your strength (+1).
   It affects your intelligence (+3).
   It affects your dexterity (+5).
Potions
 l - 2 potions of restore abilities
 m - 3 potions of might
 o - 6 potions of agility
 s - 9 potions of curing
 H - a potion of berserk rage
 I - a potion of brilliance
 N - a potion of cancellation
Miscellaneous
 j - a fan of gales
 C - a stone of tremors
 G - a lamp of fire (inert)


   Skills:
 + Level 24.0(22.1) Fighting
   Level 3.9(2.7) Long Blades
   Level 7.1(18.0) Axes
 - Level 4.6(6.4) Maces & Flails
 - Level 26.9(25.0) Polearms
   Level 6.4(17.9) Staves
   Level 1.2(0.1) Crossbows
 + Level 1.6(0.5) Throwing
 * Level 24.7(22.8) Armour
 * Level 17.7(16.0) Dodging
 + Level 4.7(3.5) Stealth
 * Level 24.1(22.3) Shields
 + Level 1.8(0.7) Unarmed Combat
 + Level 1.0(0.0) Spellcasting
 * Level 17.2(15.6) Evocations


You had 28 spell levels left.
You didn't know any spells.

Dungeon Overview and Level Annotations

Branches:
Dungeon (15/15)            Temple (0/1) D:5             Orc (4/4) D:12
    Elf (3/3) Orc:3          Lair (8/8) D:8           Swamp (5/5) Lair:3
 Spider (5/5) Lair:4        Slime (0/6) Lair:6       Vaults (5/5) D:13
  Crypt (0/3) Vaults:2     Depths (5/5) D:15            Zot (5/5) Depths:5

Altars:
Dithmenos
Elyvilon
Fedhas
Kikubaaqudgha
Okawaru
Xom
Yredelemnul
Zin
The Shining One
Jiyva

Shops:
D:13 ?[=?(   Orc:4 :[[*   Elf:1 (?(:   Vaults:5 ?!?

Portals:
Hell: Depths:1 Depths:2 Depths:4 Depths:5
Abyss: Depths:4
Pandemonium: Depths:2 Depths:3
Ziggurat: Depths:1

Annotations:
Depths:3 exclusions: ice statue and silver statue


Innate Abilities, Weirdness & Mutations

You reflexively headbutt those who attack you in melee.
You have a pair of horns on your head.
You are partially covered in yellow scales (AC +2).
Your vision is quite blurry.
Your magical capacity is low (-10% MP).
You heal slowly when monsters are visible.
You are weak. (Str -2)


Message History

Your two-headed ogre misses the Orb Guardian.
Your two-headed ogre hits the Orb Guardian with a giant club!
The ancient lich gestures wildly while chanting.
The ancient lich flickers and vanishes!
Deactivating autopickup; reactivate with Ctrl-A.
The Orb Guardian closely misses your fire elemental.
You block the Orb Guardian's attack.
The Orb Guardian hits you but does no damage.
Your fire elemental closely misses the Orb Guardian.
Your two-headed ogre hits the Orb Guardian but does no damage.
Your two-headed ogre misses the Orb Guardian.
Your fire elemental hits the Orb Guardian.
Your fire elemental burns the Orb Guardian!
The Orb Guardian hits your fire elemental!
Your fire elemental hits the Orb Guardian.
Your fire elemental burns the Orb Guardian!
The Orb Guardian dies!
You hear some strange, mumbled words.
The crystal spear hits you!
You die...

,,,,,,,,,,,**▓* ▓
,,,,,,,,,,,,..▓▓* ▓▓▓
,,,,,,,,,,,.....▓▓ ▓▓..
,,,,,,,,,,.......▓ ▓▓▓▓▓▓▓▓▓ ▓...
,,,,,,,,,........▓▓▓.......▓▓▓...
,,,,,,,,,........▓▓.........▓▓...
,,,,,,,,,.......)▓.D.........▓...
,,,,,,,,.........X.X*OE0^.....(..
,,,,,,,,........@▓X..........▓...
,,,,,,,,.........▓▓..§E§....▓▓...
,,,,,,,,,........▓▓▓§.§§...▓▓▓...
,,,,,,,,,........# ▓▓▓▓▓▓▓▓▓ #...
,,,,,,,,,.......## ##..
,,,,,,,,,,....▓#* ##▓
,,,,,,,,,,,▓▓▓* ▓
..##▓▓▓▓▓▓▓▓▓▓▓# #▓
...............### ###.


You could see an orb of fire, a shadow dragon, 2 Orb Guardians, a friendly fire
elemental and a friendly two-headed ogre (berserk).

Vanquished Creatures
  An ancient lich (Vaults:5)
  An orb of fire (Zot:5)
  Saint Roka (Swamp:3)
  A curse toe (Zot:3)
  the Lernaean hydra (Swamp:5)
  Margery (Depths:1)
  Norris (Swamp:5)
  Mara (Depths:2)
  6 Killer Klowns
  13 golden dragons
  5 electric golems
  Nikola (Swamp:1)
  A hellephant (Zot:1)
  The ghost of Johnny the Fencer, a mighty HuBe of Trog (Vaults:2)
  17 tentacled monstrosities
  17 Orb Guardians (Zot:5)
  A deep elf blademaster (Elf:3)
  5 liches
  A quicksilver dragon (Depths:5)
  5 titans
  2 Executioners
  15 storm dragons
  7 tentacled starspawn (Abyss:1)
  Rupert (D:13)
  Kirke (Swamp:2)
  6 tengu reavers
  8 shadow dragons
  7 sphinxes
  2 thorn hunters
  6 draconian monks
  Roxanne (Elf:2)
  5 fire giants
  12 deep elf sorcerers
  Donald (Swamp:1)
  2 balrugs
  5 draconian scorchers
  A cacodemon (Abyss:1)
  5 emperor scorpions
  2 draconian knights
  12 frost giants
  12 ghost moths
  19 vault wardens
  5 draconian zealots
  Jorgrun (Swamp:3)
  16 very ugly things
  4 draconian annihilators
  An angel (Depths:1)
  10 draconian shifters
  A spriggan defender (Depths:4)
  6 draconian callers
  28 stone giants
  2 vampire knights (Depths:4)
  10 grey draconians
  9 deep elf demonologists
  11 green draconians
  7 war gargoyles
  11 black draconians
  9 white draconians
  6 dire elephants
  A lorocyproca (Abyss:1)
  Azrael (Spider:2)
  2 rakshasas (Depths:4)
  7 mottled draconians
  6 yellow draconians
  8 red draconians
  9 pale draconians
  7 purple draconians
  10 deep elf annihilators
  Snorg (Swamp:1)
  6 minotaurs
  7 ettins
  2 jiangshi (Depths:5)
  25 yaktaur captains
  8 deep elf death magi
  27 vault guards
  2 blizzard demons
  18 crystal guardians
  14 fire dragons
  10 death cobs
  21 ironheart preservers
  7 deep elf high priests
  5 ravenous item mimics (Depths:3)
  5 spriggan air magi
  A naga warrior (Abyss:1)
  24 hydras
  18 ice dragons
  9 great orbs of eyes
  2 shambling mangroves
  2 monstrous demonspawn (WizLab)
  19 ogre magi
  10 centaur warriors
  17 dancing weapons
  14 deep troll shamans
  6 deep troll earth magi
  18 death yaks
  6 spriggan berserkers
  2 thrashing horrors (Abyss:1)
  A titan zombie (Abyss:1)
  Urug (D:14)
  2 vampire magi
  8 alligators
  9 iron trolls
  A storm dragon zombie (Depths:4)
  4 soul eaters
  5 hell knights
  A wretched star (Abyss:1)
  A sun demon (Elf:3)
  4 shadow wraiths
  2 spatial maelstroms (Abyss:1)
  A salamander mystic (Depths:2)
  40 deep trolls
  2 storm dragon skeletons
  12 large abominations (Abyss:1)
  2 spriggan druids
  22 orb spiders
  2 ball lightnings (Depths:3)
  9 skeletal warriors
  2 death drakes
  2 fire crabs
  A hill giant (shapeshifter) (Depths:3)
  8 deep elf summoners
  2 unseen horrors
  16 ironbrand convokers
  20 orc knights
  9 deep elf knights
  2 flayed ghosts
  2 ice statues
  A golden dragon skeleton (Depths:4)
  A deathcap (Zot:3)
  A giant orange brain (shapeshifter) (Depths:3)
  16 swamp dragons
  10 hill giants
  2 giant orange brains
  6 necromancers
  2 putrid demonspawn (Depths:2)
  38 wolf spiders
  A harpy (shapeshifter) (Vaults:4)
  A mana viper (shapeshifter) (Depths:3)
  9 harpies
  21 deep elf conjurers
  49 ugly things
  A draconian zombie (Zot:3)
  A frost giant zombie (Vaults:1)
  6 manticores
  An oklob plant (Orc:2)
  A stone giant zombie (Vaults:4)
  A wolf spider (shapeshifter) (Depths:1)
  A shining eye (shapeshifter) (Vaults:5)
  6 red wasps
  2 elephants (shapeshifter) (Depths:3)
  A wizard (D:15)
  9 griffons
  3 phantasmal warriors
  9 cyclopes
  22 elephants
  29 moths of wrath
  A moth of wrath (shapeshifter) (Depths:5)
  A faun (shapeshifter) (Vaults:3)
  3 salamanders (Depths:2)
  7 sixfirhies
  4 worldbinders (Abyss:1)
  2 draconians (shapeshifter)
  2 elf zombies (Depths:4)
  A mermaid (shapeshifter) (Depths:3)
  A centaur zombie (D:13)
  A naga mage (D:15)
  3 smoke demons
  2 stone giant skeletons
  4 gargoyles
  A guardian serpent (shapeshifter) (Depths:5)
  2 iron devils (Elf:3)
  A spriggan skeleton (Depths:4)
  5 torpor snails
  A guardian serpent (D:14)
  10 vault sentinels
  A yellow draconian zombie (Zot:2)
  3 orange crystal statues
  29 spiny frogs
  A molten gargoyle (Depths:3)
  5 black mambas
  A storm dragon simulacrum (Vaults:4)
  2 orange demons (Abyss:1)
  Psyche (Orc:4)
  2 black draconian zombies
  A queen ant (shapeshifter) (Depths:3)
  An item mimic (D:12)
  A purple draconian zombie (Zot:3)
  2 kobold demonologists (Vaults:2)
  2 yaktaur zombies
  2 efreet (Abyss:1)
  9 komodo dragons
  59 yaktaurs
  4 fire drakes
  A jumping spider (shapeshifter) (Depths:3)
  16 demonic crawlers
  2 hellwings
  16 deep elf priests
  7 trolls
  A silent spectre (Abyss:1)
  2 elves (shapeshifter)
  5 ancient zymes (Abyss:1)
  2 freezing wraiths
  3 red devils
  A blue devil (Elf:3)
  34 jumping spiders
  A tengu simulacrum (Vaults:1)
  2 polar bears
  6 giant leeches
  2 catoblepas zombies
  A wind drake (shapeshifter) (Vaults:1)
  4 fire vortices (Depths:3)
  A wandering mushroom (Zot:3)
  37 two-headed ogres
  A moth of wrath zombie (Zot:3)
  A blink frog (shapeshifter) (Vaults:1)
  A stone giant simulacrum (Vaults:1)
  The ghost of Starve the Cleaver, an average HOFi (D:4)
  A wind drake (Depths:3)
  15 ravens
  38 slime creatures
  10 boulder beetles
  4 bog bodies
  12 blink frogs
  A hydra skeleton (D:11)
  21 raiju (Abyss:1)
  A basilisk (Lair:2)
  4 spriggans
  33 yaks
  A trapdoor spider (shapeshifter) (Depths:1)
  An ice dragon zombie (Abyss:1)
  2 basilisks (shapeshifter)
  3 shadows
  2 vampires
  20 trapdoor spiders
  11 air elementals
  24 deep elf magi
  A redback (shapeshifter) (Depths:3)
  40 redbacks
  5 wyverns
  6 wraiths
  6 ynoxinuls (Abyss:1)
  5 water elementals (Depths:3)
  A spriggan (shapeshifter) (Depths:3)
  43 vampire mosquitoes
  A human (shapeshifter) (Vaults:1)
  23 tarantellas
  A hog (shapeshifter) (Depths:4)
  A steam dragon (D:10)
  5 hogs
  20 humans
  8 fire elementals
  Grum (D:12)
  A golden eye (shapeshifter) (Vaults:3)
  A hill giant skeleton (D:14)
  4 chaos spawn
  40 deep elf fighters
  7 hippogriffs
  6 neqoxecs
  3 hungry ghosts
  Menkaure (D:4)
  8 wargs
  9 porcupines
  15 soldier ants
  4 spatial vortices (Abyss:1)
  9 wolves
  5 hell hounds (Spider:2)
  26 swamp worms
  21 water moccasins
  5 sky beasts
  19 spiders
  A mottled dragon (shapeshifter) (Vaults:5)
  4 mottled dragons
  13 swamp drakes
  3 yellow wasps
  32 orc warriors
  2 black bears
  A necrophage (D:9)
  An ogre skeleton (D:13)
  A human simulacrum (Vaults:1)
  21 small abominations (Abyss:1)
  6 ice beasts
  12 boggarts
  24 centaurs
  3 orc zombies
  A centaur (shapeshifter) (Depths:3)
  7 boring beetles
  17 crocodiles
  A hill giant simulacrum (D:12)
  5 phantoms
  A lost soul (Vaults:5)
  79 ogres
  Sigmund (D:4)
  A komodo dragon zombie (D:13)
  A crocodile (shapeshifter) (Depths:4)
  3 big kobolds
  A cyclops zombie (D:12)
  10 earth elementals (Depths:3)
  31 giant frogs
  10 insubstantial wisps
  6 scorpions
  A cyclops skeleton (D:15)
  A water moccasin skeleton (D:9)
  2 eyes of draining (Abyss:1)
  A boulder beetle zombie (D:13)
  27 killer bees
  24 wights
  7 electric eels
  4 crimson imps
  9 quasits
  A lava snake (Lair:2)
  23 starcursed masses (Abyss:1)
  3 goliath beetles (D:8)
  2 centaur skeletons
  A giant frog skeleton (D:5)
  21 orc priests
  10 iguanas
  Crazy Yiuf (D:4)
  6 human zombies
  5 iron imps
  A gnoll shaman (D:8)
  13 hounds
  41 worker ants
  3 orange rats
  34 orc wizards
  An elf simulacrum (Vaults:1)
  24 sheep
  3 mummies
  A worker ant zombie (D:5)
  26 adders
  8 gnolls
  67 green rats
  A scorpion zombie (D:8)
  2 giant mites
  2 worms (D:4)
  6 shadow imps
  13 white imps
  8 ufetubi
  13 giant geckos
  An ooze (D:1)
  174 orcs
  A bat zombie (D:7)
  14 giant cockroaches
  21 goblins
  14 hobgoblins
  13 jackals
  15 quokkas
  6 ball pythons
  11 bats
  5 giant newts
  3 giant spores
  A goblin skeleton (D:5)
  28 kobolds
  An orc skeleton (D:7)
  A quokka skeleton (D:9)
  28 rats
  A rat zombie (D:5)
  7 ballistomycetes
  A briar patch (Swamp:4)
  2 crawling corpses (Vaults:5)
  A fungus (Elf:1)
  6 starspawn tentacles (Abyss:1)
3102 creatures vanquished.

Vanquished Creatures (collateral kills)
  4 Orb Guardians (Zot:5)
  A storm dragon (Zot:5)
  A grey draconian (Zot:5)
  A purple draconian (Zot:5)
  2 ogre magi (Orc:4)
  A tengu warrior (D:12)
  2 catoblepae (Lair:6)
  Pikel (D:4)
  A swamp dragon (Swamp:5)
  A moth of wrath (Zot:5)
  A queen ant (D:8)
  A kobold demonologist (D:11)
  An efreet (D:12)
  5 two-headed ogres (Orc:4)
  A slime creature (D:12)
  A hippogriff (D:12)
  A soldier ant (D:8)
  8 ogres (Orc:4)
  2 big kobolds (D:11)
  A killer bee (D:8)
  A quasit (D:11)
  A gnoll shaman (D:8)
  A worker ant (D:8)
  5 gnolls (D:8)
  An ufetubus (D:11)
  3 orcs (Orc:4)
  2 kobolds (D:11)
  A quokka (D:11)
52 creatures vanquished.

Vanquished Creatures (others)
  An orb of fire (Zot:5)
  A storm dragon (Zot:3)
  A draconian monk (Zot:5)
  A red draconian (Zot:5)
  2 purple draconians (Zot:5)
  A mottled draconian (Zot:5)
  13 ball lightnings
  A harpy (shapeshifter) (Depths:4)
  An ugly thing (Depths:3)
  2 fire drakes (Zot:1)
  A komodo dragon (Zot:1)
  A two-headed ogre (Swamp:5)
  A troll (Swamp:5)
  A moth of wrath zombie (Zot:3)
  2 deep elf magi
  2 fire elementals
  2 humans (D:13)
  3 air elementals (Depths:3)
  A deep elf fighter (Vaults:3)
  A human zombie (Depths:1)
  4 ogres
  A black bear (D:12)
  14 lost souls
  A boggart (Vaults:2)
  A human simulacrum (Vaults:1)
  A quasit (Abyss:1)
  An iguana (D:4)
  A hound (D:4)
  An orange rat (Vaults:5)
  2 orc wizards
  A worm (D:4)
  An orc (D:12)
  2 goblins (D:4)
  2 giant spores
  A rat (D:4)
  2 fungi
  4 plants
  21 starspawn tentacles (Abyss:1)
  196 starspawn tentacle segments (Abyss:1)
  12 toadstools (Lair:6)
308 creatures vanquished.

Grand Total: 3462 creatures vanquished

Notes
Turn   | Place    | Note
--------------------------------------------------------------
     0 | D:1      | Kex, the Minotaur Berserker, began the quest for the Orb.
     0 | D:1      | Reached XP level 1. HP: 19/19 MP: 1/1
   152 | D:1      | Reached skill level 4 in Fighting
   191 | D:1      | Reached XP level 2. HP: 17/27 MP: 1/1
   652 | D:1      | Acquired Trog's second power
   826 | D:1      | Reached XP level 3. HP: 34/34 MP: 2/2
  1678 | D:2      | Reached XP level 4. HP: 36/41 MP: 2/2
  1934 | D:3      | Reached skill level 5 in Fighting
  2154 | D:3      | Reached XP level 5. HP: 43/48 MP: 2/2
  2218 | D:3      | Found a glowing drain.
  2236 | Sewer    | Entered a sewer
  2457 | Sewer    | Acquired Trog's third power
  2539 | Sewer    | Reached XP level 6. HP: 56/56 MP: 3/3
  2636 | Sewer    | Reached skill level 5 in Axes
  2786 | Sewer    | Reached skill level 5 in Armour
  3399 | D:4      | Noticed Starve's ghost (average HOFi)
  3405 | D:4      | Killed Starve's ghost
  3405 | D:4      | Reached skill level 6 in Fighting
  3405 | D:4      | Reached XP level 7. HP: 63/63 MP: 3/3
  3465 | D:4      | Received a gift from Trog
  3731 | D:4      | Noticed Pikel
  3737 | D:4      | Killed Pikel
  3737 | D:4      | Reached skill level 5 in Dodging
  3942 | D:4      | Found an iron altar of Okawaru.
  4108 | D:4      | Noticed Sigmund
  4116 | D:4      | Killed Sigmund
  4116 | D:4      | Reached XP level 8. HP: 67/71 MP: 3/3
  4337 | D:4      | Received a gift from Trog
  4375 | D:4      | Noticed Menkaure
  4384 | D:4      | Killed Menkaure
  4411 | D:4      | Noticed Crazy Yiuf
  4415 | D:4      | Killed Crazy Yiuf
  4687 | D:5      | Entered Level 5 of the Dungeon
  4691 | D:4      | Reached skill level 7 in Fighting
  4788 | D:5      | Reached skill level 1 in Stealth
  4816 | D:5      | Noticed a two-headed ogre
  4819 | D:5      | Killed a two-headed ogre
  4894 | D:5      | Reached skill level 1 in Polearms
  5003 | D:5      | Found a staircase to the Ecumenical Temple.
  5010 | D:5      | Reached skill level 1 in Staves
  5130 | D:5      | Found a blossoming altar of Fedhas.
  5743 | D:6      | Found a glowing silver altar of Zin.
  5766 | D:6      | Reached XP level 9. HP: 64/79 MP: 4/4
  5967 | D:6      | Reached skill level 8 in Armour
  6776 | D:7      | Reached skill level 5 in Staves
  7022 | D:7      | Found a shadowy altar of Dithmenos.
  7394 | D:7      | Found a blossoming altar of Fedhas.
  7394 | D:7      | Found a white marble altar of Elyvilon.
  7492 | D:7      | Reached skill level 1 in Long Blades
  7492 | D:7      | Reached skill level 9 in Armour
  7507 | D:7      | Reached XP level 10. HP: 27/90 MP: 4/4
  8452 | D:7      | Received a gift from Trog
  8804 | D:8      | Noticed an elephant
  9082 | D:7      | Killed an elephant
  9325 | D:8      | Found a staircase to the Lair.
  9565 | D:8      | Reached skill level 10 in Armour
  9571 | D:8      | Reached skill level 5 in Polearms
  9661 | D:8      | Reached XP level 11. HP: 99/99 MP: 4/4
  9672 | D:8      | Reached skill level 10 in Fighting
 11046 | D:9      | Received a gift from Trog
 11113 | D:9      | Found a glowing golden altar of the Shining One.
 11170 | D:9      | Found a basalt altar of Yredelemnul.
 11611 | D:10     | Entered Level 10 of the Dungeon
 11709 | D:10     | Reached skill level 1 in Evocations
 12949 | D:11     | Received a gift from Trog
 13070 | D:11     | Got a brightly glowing ring mail
 13071 | D:11     | Identified the cursed -6 ring mail of Autumn {Stlth+} (You found it on level 11 of the Dungeon)
 13605 | D:12     | Noticed a tengu warrior
 13612 | D:12     | Killed a tengu warrior
 13613 | D:12     | Reached skill level 10 in Polearms
 13775 | D:12     | Noticed a centaur warrior
 13787 | D:12     | Killed a centaur warrior
 13825 | D:12     | Noticed a deep elf knight
 13845 | D:12     | Killed a deep elf knight
 13845 | D:12     | Reached XP level 12. HP: 108/108 MP: 7/7
 13884 | D:12     | Reached skill level 11 in Polearms
 13999 | D:12     | Noticed a skeletal warrior
 14012 | D:12     | Killed a skeletal warrior
 14042 | D:12     | Got a shimmering platinum ring
 14591 | D:12     | Reached skill level 10 in Dodging
 14594 | D:12     | Reached skill level 12 in Polearms
 14835 | D:12     | Noticed a centaur warrior
 14835 | D:12     | Noticed Grum
 14849 | D:12     | Killed a centaur warrior
 14854 | D:12     | Killed Grum
 14918 | D:12     | Found a staircase to the Orcish Mines.
 15002 | D:12     | Noticed a six-headed hydra
 15021 | D:12     | Killed a six-headed hydra
 15021 | D:12     | Reached skill level 1 in Shields
 15128 | D:12     | Noticed an eight-headed hydra
 15134 | D:12     | Killed an eight-headed hydra
 15134 | D:12     | Reached skill level 13 in Polearms
 15183 | D:12     | Identified the ring of Ryzemamp {Str+1 Dex+5 Int+3} (You found it on level 12 of the Dungeon)
 15234 | D:12     | Noticed a seven-headed hydra
 15238 | D:12     | Killed a seven-headed hydra
 15654 | Lair:1   | Entered Level 1 of the Lair of Beasts
 16716 | Lair:2   | Reached XP level 13. HP: 118/118 MP: 8/8
 17028 | Lair:2   | Received a gift from Trog
 17037 | Lair:2   | Gained mutation: Your vision is a little blurry. [potion of mutation]
 17037 | Lair:2   | Gained mutation: You are weak. (Str -2) [potion of mutation]
 17037 | Lair:2   | Gained mutation: Your vision is quite blurry. [potion of mutation]
 18201 | Lair:3   | Found a staircase to the Swamp.
 18476 | Lair:4   | Reached skill level 5 in Shields
 18665 | Lair:4   | Received a gift from Trog
 18766 | Lair:4   | Found a hole to the Spider Nest.
 19492 | Lair:5   | Reached skill level 14 in Polearms
 20354 | Lair:6   | Reached XP level 14. HP: 123/129 MP: 9/9
 20482 | Lair:6   | Found a viscous altar of Jiyva.
 20484 | Lair:6   | Found a staircase to the Slime Pits.
 21625 | Lair:7   | Reached skill level 15 in Polearms
 22233 | Lair:8   | Entered Level 8 of the Lair of Beasts
 22306 | Lair:8   | Received a gift from Trog
 22837 | Lair:8   | Received a gift from Trog
 24037 | Orc:1    | Entered Level 1 of the Orcish Mines
 25160 | Orc:3    | Received a gift from Trog
 25331 | Orc:3    | Found a staircase to the Elven Halls.
 25576 | Orc:4    | Entered Level 4 of the Orcish Mines
 25659 | Orc:4    | Received a gift from Trog
 25712 | Orc:4    | Reached skill level 16 in Polearms
 25726 | Orc:4    | Reached XP level 15. HP: 85/139 MP: 11/11
 25747 | Orc:4    | Found Deplelib's Armour Shop.
 25747 | Orc:4    | Found Ojoj Nehaetz's Book Emporium.
 25748 | Orc:4    | Found Phynkot's General Store.
 25748 | Orc:4    | Found Tuif's Antique Armour Shop.
 25760 | Orc:4    | Bought a scroll of enchant weapon for 127 gold pieces
 25760 | Orc:4    | Bought a potion of heal wounds for 51 gold pieces
 25906 | Orc:4    | Noticed Psyche
 25910 | Orc:4    | Killed Psyche
 25910 | Orc:4    | Received a gift from Trog
 25913 | Orc:4    | Got a bloodstained quarterstaff {god gift}
 25920 | Orc:4    | Identified the cursed +0 quarterstaff "Icam" {flame, -Cast rN+ Dex-2 Int+1 Curse} (Trog gifted it to you on level 4 of the Orcish Mines)
 26430 | Elf:1    | Entered Level 1 of the Elven Halls
 26686 | Elf:1    | Found Dofoang's Antique Weapon Boutique.
 26723 | Elf:1    | Found Uwusi's Magic Scroll Emporium.
 26729 | Elf:1    | Bought a scroll of recharging for 161 gold pieces
 26729 | Elf:1    | Bought a scroll of remove curse for 51 gold pieces
 26729 | Elf:1    | Bought a scroll of identify for 34 gold pieces
 26795 | Elf:1    | Found Stud's Weapon Boutique.
 26839 | Elf:1    | Found Chiv Stri's Book Boutique.
 27457 | Elf:2    | Identified a scroll of acquirement
 27590 | Elf:2    | Reached skill level 10 in Shields
 27631 | Elf:2    | Received a gift from Trog
 27648 | Elf:2    | Reached skill level 15 in Fighting
 27651 | Elf:2    | Noticed Roxanne
 27784 | Elf:2    | Killed Roxanne
 28453 | D:13     | Found a gate to the Vaults.
 28453 | D:13     | Noticed Rupert
 28506 | D:13     | Found Saluvory's Antique Armour Shop.
 28511 | D:13     | Bought a hat for 100 gold pieces
 28511 | D:13     | Bought a gold dragon armour for 2000 gold pieces
 28560 | D:13     | Reached skill level 17 in Polearms
 28578 | D:13     | Killed Rupert
 28692 | D:13     | Found Tunolosh's Magic Scroll Emporium.
 28696 | D:13     | Bought a scroll of enchant armour for 135 gold pieces
 28697 | D:13     | Bought a scroll of blinking for 135 gold pieces
 28729 | D:13     | Found Faq Tiaqo's Magic Scroll Emporium.
 28740 | D:13     | Bought a scroll of enchant weapon for 90 gold pieces
 28740 | D:13     | Bought a scroll of enchant armour for 90 gold pieces
 28783 | D:13     | Found Mozxemn's Antique Weapon Boutique.
 28858 | D:13     | Received a gift from Trog
 28935 | D:13     | Found Grasogh's Jewellery Emporium.
 28953 | D:13     | Got a pitted tin ring
 28956 | D:13     | Identified the ring "Hiupreas" {+/*Tele Dex+3 Int+2} (You found it on level 13 of the Dungeon)
 29205 | D:13     | Found a shimmering altar of Xom.
 29851 | D:14     | Noticed Urug
 29866 | D:14     | Killed Urug
 30049 | D:15     | Entered Level 15 of the Dungeon
 30357 | D:15     | Received a gift from Trog
 30358 | D:15     | Reached XP level 16. HP: 149/149 MP: 12/12
 30381 | D:15     | Found a staircase to the Depths.
 30683 | D:15     | Reached skill level 18 in Polearms
 31240 | Swamp:1  | Entered Level 1 of the Swamp
 31298 | Swamp:1  | Noticed Snorg
 31321 | Swamp:1  | Killed Snorg
 31359 | Swamp:1  | Received a gift from Trog
 31387 | Swamp:1  | Noticed Nikola
 31391 | Swamp:1  | Reached skill level 1 in Crossbows
 31391 | Swamp:1  | Reached skill level 1 in Throwing
 31391 | Swamp:1  | Reached skill level 1 in Unarmed Combat
 31391 | Swamp:1  | Reached XP level 17. HP: 117/158 MP: 7/15
 31403 | Swamp:1  | Noticed Donald
 31409 | Swamp:1  | Killed Nikola
 31537 | Swamp:1  | Cast into the Abyss (Donald)
 31808 | Abyss:1  | Paralysed by accursed screaming for 1 turns
 31815 | Abyss:1  | Paralysed by accursed screaming for 2 turns
 31818 | Abyss:1  | Paralysed by accursed screaming for 2 turns
 31927 | Abyss:1  | Found a corrupted altar of Lugonu.
 32192 | Abyss:1  | Gained mutation: Your magical capacity is low (-10% MP). [a cacodemon]
 32252 | Swamp:1  | Escaped the Abyss
 32257 | Swamp:1  | Killed Donald
 32900 | Swamp:2  | Noticed Kirke
 32940 | Swamp:2  | Killed Kirke
 32940 | Swamp:2  | Received a gift from Trog
 32940 | Swamp:2  | Reached skill level 5 in Evocations
 33857 | Swamp:3  | Noticed Saint Roka
 33880 | Swamp:3  | Killed Saint Roka
 34036 | Swamp:3  | Received a gift from Trog
 34220 | Swamp:3  | Noticed Jorgrun
 34237 | Swamp:3  | Killed Jorgrun
 34275 | Swamp:3  | Reached skill level 19 in Polearms
 34336 | Swamp:3  | Reached XP level 18. HP: 160/168 MP: 18/18
 34611 | Swamp:3  | Got a fine ring mail
 34613 | Swamp:3  | Identified the +4 ring mail of Caegrel {Dex+5 Int+4} (You found it on level 3 of the Swamp)
 34860 | Swamp:4  | Got a warped pewter ring
 34875 | Swamp:4  | Identified the ring "Greuhax" {rPois rN+} (You found it on level 4 of the Swamp)
 34913 | Swamp:4  | Received a gift from Trog
 34927 | Swamp:4  | Got a slimy quarterstaff {god gift}
 34933 | Swamp:4  | Identified the +7 quarterstaff of Eternal Night {venom, rPois rC+ rN+} (Trog gifted it to you on level 4 of the Swamp)
 35394 | Swamp:5  | Entered Level 5 of the Swamp
 35466 | Swamp:5  | Noticed Norris
 35488 | Swamp:5  | Killed Norris
 35756 | Swamp:5  | Noticed the 27-headed Lernaean hydra
 36420 | Swamp:5  | Got a decaying rune of Zot
 36577 | Swamp:5  | Killed the 27-headed Lernaean hydra
 37218 | Spider:1 | Entered Level 1 of the Spider Nest
 37967 | Spider:1 | Reached skill level 15 in Armour
 38323 | Spider:2 | Noticed Azrael
 38331 | Spider:2 | Received a gift from Trog
 38347 | Spider:2 | Killed Azrael
 38406 | Spider:2 | Received a gift from Trog
 38504 | Spider:2 | Received a gift from Trog
 38931 | Spider:2 | Got a pair of steaming boots
 38942 | Spider:2 | Identified the +0 pair of boots of Gruinin {Str+2 Dex-3} (You acquired it on level 2 of the Spider Nest)
 39595 | Spider:3 | Received a gift from Trog
 39616 | Spider:3 | Reached skill level 20 in Polearms
 40136 | Spider:3 | Reached XP level 19. HP: 177/177 MP: 22/22
 41009 | Spider:4 | Received a gift from Trog
 41125 | Spider:5 | Entered Level 5 of the Spider Nest
 41515 | Spider:5 | Received a gift from Trog
 42545 | Spider:5 | Received a gift from Trog
 43106 | Spider:5 | Got a gossamer rune of Zot
 43752 | Vaults:1 | Entered Level 1 of the Vaults
 43935 | Vaults:1 | Received a gift from Trog
 44898 | Vaults:1 | Received a gift from Trog
 44903 | Vaults:1 | Got a crystal halberd {god gift}
 44909 | Vaults:1 | Identified the +7 halberd of Wrath {chop, rElec rF++} (Trog gifted it to you on level 1 of the Vaults)
 44993 | Vaults:1 | Reached skill level 21 in Polearms
 45043 | Vaults:1 | Got a faintly humming plate armour
 45044 | Vaults:1 | Identified the -8 plate armour of a sewer {Str+2} (You found it on level 1 of the Vaults)
 45249 | Vaults:1 | Reached XP level 20. HP: 188/188 MP: 25/25
 45586 | Vaults:1 | Received a gift from Trog
 45769 | Vaults:1 | Reached skill level 15 in Shields
 45802 | Vaults:1 | Reached skill level 10 in Evocations
 45889 | Vaults:2 | Noticed Johnny's ghost (mighty HuBe)
 45921 | Vaults:2 | Killed Johnny's ghost
 45979 | Vaults:2 | Found a magical portal.
 46011 | WizLab   | Entered Wucad Mu's Monastery
 46191 | WizLab   | Reached skill level 1 in Spellcasting
 46191 | WizLab   | Reached XP level 21. HP: 195/195 MP: 26/26
 46298 | WizLab   | Gained mutation: You are partially covered in yellow scales (AC +2). [potion of beneficial mutation]
 46394 | Vaults:2 | Received a gift from Trog
 46896 | Vaults:2 | Received a gift from Trog
 47217 | Vaults:2 | Found a staircase to the Crypt.
 47217 | Vaults:2 | Found a basalt altar of Yredelemnul.
 47236 | Vaults:2 | Found an ancient bone altar of Kikubaaqudgha.
 47736 | Vaults:3 | Reached skill level 22 in Polearms
 48544 | Vaults:3 | Received a gift from Trog
 48733 | Vaults:4 | Received a gift from Trog
 48920 | Vaults:4 | Reached XP level 22. HP: 187/206 MP: 27/27
 49097 | Vaults:4 | Received a gift from Trog
 49137 | Vaults:4 | Received a gift from Trog
 49539 | Vaults:4 | Received a gift from Trog
 49744 | Vaults:5 | Entered Level 5 of the Vaults
 50326 | Vaults:5 | Received a gift from Trog
 50358 | Vaults:5 | Reached skill level 23 in Polearms
 50510 | Vaults:5 | Noticed an ancient lich
 50530 | Vaults:5 | Killed an ancient lich
 50558 | Vaults:5 | Found Ohaekh's Magic Scroll Shop.
 50568 | Vaults:5 | Bought a scroll of remove curse for 48 gold pieces
 50568 | Vaults:5 | Bought a scroll of enchant armour for 120 gold pieces
 50791 | Vaults:5 | Received a gift from Trog
 50873 | Vaults:5 | Received a gift from Trog
 50938 | Vaults:5 | Reached XP level 23. HP: 215/215 MP: 27/28
 51017 | Vaults:5 | Found Unluga's Distillery.
 51021 | Vaults:5 | Bought a potion of haste for 91 gold pieces
 51021 | Vaults:5 | Bought a potion of haste for 91 gold pieces
 51021 | Vaults:5 | Bought a potion of agility for 32 gold pieces
 51021 | Vaults:5 | Bought 2 potions of curing for 52 gold pieces
 51021 | Vaults:5 | Bought 2 potions of heal wounds for 78 gold pieces
 51021 | Vaults:5 | Bought a potion of heal wounds for 39 gold pieces
 51130 | Vaults:5 | Found Afiokaca's Magic Scroll Shop.
 51134 | Vaults:5 | Bought a scroll of recharging for 161 gold pieces
 51134 | Vaults:5 | Bought a scroll of recharging for 161 gold pieces
 51514 | Vaults:5 | Received a gift from Trog
 52184 | Vaults:5 | Received a gift from Trog
 52428 | Vaults:5 | Reached skill level 24 in Polearms
 52470 | Vaults:5 | Got a silver rune of Zot
 53176 | Elf:3    | Entered Level 3 of the Elven Halls
 53376 | Elf:3    | Received a gift from Trog
 53930 | Elf:3    | Received a gift from Trog
 54145 | Elf:3    | Reached XP level 24. HP: 164/226 MP: 30/30
 54211 | Elf:3    | Got a wavering golden ring
 54261 | Elf:3    | Got a topaz-studded storm dragon armour
 54272 | Elf:3    | Identified the cursed -6 storm dragon armour "Bites" {+Fly rElec rC+} (You found it on level 3 of the Elven Halls)
 54366 | Elf:3    | Got a faintly glowing scale mail
 54377 | Elf:3    | Identified the +3 scale mail "Ovvaleda" {Str+3 Int+2} (You found it on level 3 of the Elven Halls)
 54390 | Elf:3    | Got a crude tin ring
 54414 | Elf:3    | Identified the ring of Karept {rC+ Str-2 Dex+3} (You took it off a deep elf demonologist on level 3 of the Elven Halls)
 54419 | Elf:3    | Identified the ring of Shauv {rPois Str+3 Int+2} (You found it on level 3 of the Elven Halls)
 55167 | Depths:1 | Entered Level 1 of the Depths
 55178 | Depths:1 | Received a gift from Trog
 56051 | Depths:1 | Received a gift from Trog
 56907 | Depths:1 | Noticed Margery
 56934 | Depths:1 | Killed Margery
 56934 | Depths:1 | Reached skill level 25 in Polearms
 57044 | Depths:1 | Found a gateway to Hell.
 57059 | Depths:1 | Found a gateway to a ziggurat.
 57389 | Depths:2 | Noticed Mara
 57394 | Depths:2 | Noticed Kex's illusion
 57403 | Depths:2 | Killed Mara
 58987 | Depths:2 | Found a one-way gate leading to the halls of Pandemonium.
 60072 | Depths:3 | Reached XP level 25. HP: 153/235 MP: 31/31
 60425 | Depths:3 | Got a heavily runed crystal plate armour
 60426 | Depths:3 | Identified the cursed -5 crystal plate armour of Cowardice {Str+3} (You found it on level 3 of the Depths)
 60471 | Depths:3 | Got a shimmering spear
 60476 | Depths:3 | Identified the +4 spear "Jiz Qyog" {antimagic, rC+ SInv} (You found it on level 3 of the Depths)
 61615 | Depths:4 | Received a gift from Trog
 61839 | Depths:4 | Got a pitted plate armour
 61840 | Depths:4 | Identified the +3 plate armour of Grottiness {rC+ Str-1 Dex+4} (You took it off a rakshasa on level 4 of the Depths)
 62104 | Depths:4 | Found a one-way gate to the infinite horrors of the Abyss.
 62433 | Depths:4 | Received a gift from Trog
 62733 | Depths:5 | Entered Level 5 of the Depths
 62905 | Depths:5 | Found a gate to the Realm of Zot.
 63170 | Depths:5 | Reached skill level 26 in Polearms
 63209 | Depths:5 | Reached skill level 15 in Evocations
 64546 | Depths:5 | Reached skill level 15 in Dodging
 64546 | Depths:5 | Reached XP level 26. HP: 205/246 MP: 32/32
 65140 | Depths:4 | Voluntarily entered the Abyss.
 66460 | Abyss:1  | Received a gift from Trog
 66519 | Abyss:1  | Reached skill level 1 in Maces & Flails
 66779 | Abyss:1  | Paralysed by accursed screaming for 1 turns
 66786 | Abyss:1  | Paralysed by accursed screaming for 1 turns
 66990 | Abyss:1  | Got a shimmering scale mail
 67010 | Abyss:1  | Identified the +5 scale mail of the Planets {MR+} (You found it on level 1 of the Abyss)
 67517 | Depths:4 | Escaped the Abyss
 67558 | Zot:1    | Entered Level 1 of the Realm of Zot
 69632 | Zot:2    | Reached XP level 27. HP: 234/251 MP: 33/33
 69747 | Zot:2    | Received a gift from Trog
 72336 | Zot:3    | Received a gift from Trog
 74655 | Zot:5    | Entered Level 5 of the Realm of Zot
 75085 | Zot:5    | Noticed an orb of fire
 75158 | Zot:5    | Killed an orb of fire
 75386 | Zot:5    | Noticed an ancient lich
 75754 | Zot:5    | Noticed an orb of fire
 75769 | Zot:5    | Gained mutation: You heal slowly when monsters are visible. [an orb of fire]
 75929 | Zot:5    | Noticed an orb of fire
 76061 | Zot:5    | Noticed an orb of fire
 76105 | Zot:5    | Killed from afar by an ancient lich

Action                   |  1- 3 |  4- 6 |  7- 9 | 10-12 | 13-15 | 16-18 | 19-21 | 22-24 | 25-27 || total
-------------------------+-------+-------+-------+-------+-------+-------+-------+-------+-------++-------
Melee: Hand axe          |   100 |   177 |    59 |       |       |       |       |       |       ||   336
       Quarterstaff      |       |       |   180 |    74 |    36 |     4 |       |       |       ||   294
       Scythe            |       |       |     2 |       |       |       |       |       |       ||     2
       Great sword       |       |       |    57 |    63 |       |       |       |       |       ||   120
       Demon trident     |       |       |       |   720 |  1614 |  1273 |  1581 |  1262 |       ||  6450
       Halberd           |       |       |       |       |       |       |     2 |       |       ||     2
       Trident           |       |       |       |       |       |       |       |  1137 |  3300 ||  4437
       Sacred scourge    |       |       |       |       |       |       |       |       |   379 ||   379
Invok: Berserk           |       |     6 |     7 |    15 |    14 |     3 |     7 |    15 |     7 ||    74
       Brothers in Arms  |       |       |     1 |     7 |     4 |     3 |       |     1 |     2 ||    18
       Burn Spellbooks   |       |       |     1 |     3 |     7 |     2 |     2 |     7 |       ||    22
       Trog's Hand       |       |       |       |     7 |    25 |    23 |    36 |    71 |    72 ||   234
Evoke: Wand              |       |       |     2 |    12 |     6 |    12 |    11 |    22 |     9 ||    74
       Stone of tremors  |       |       |       |       |       |       |       |     2 |       ||     2
       Lamp of fire      |       |       |       |       |       |       |       |     1 |     1 ||     2
       Fan of gales      |       |       |       |       |       |       |       |     1 |       ||     1
  Use: Scroll            |     2 |       |    12 |    10 |    35 |    18 |    12 |    23 |    22 ||   134
       Potion            |       |       |     2 |     5 |    22 |     9 |     9 |    24 |    20 ||    91
 Stab: Paralysed         |       |       |     1 |     2 |       |       |       |       |       ||     3
       Distracted        |       |       |       |       |       |     2 |       |     2 |     5 ||     9
       Held in net/web   |       |       |       |       |       |     2 |     1 |       |       ||     3
       Confused          |       |       |       |       |       |     1 |       |       |       ||     1
       Petrified         |       |       |       |       |       |       |       |     3 |       ||     3
  Eat: Chunk             |     2 |     3 |    10 |    34 |    47 |    19 |    30 |    31 |    21 ||   197
       Meat ration       |       |     2 |     1 |     2 |       |     4 |     2 |     5 |     2 ||    18
       Bread ration      |       |       |     1 |       |       |       |       |       |       ||     1
       Pizza             |       |       |     1 |       |       |       |     1 |     9 |     8 ||    19
       Fruit             |       |       |       |     3 |    18 |     1 |       |       |    34 ||    56
       Beef jerky        |       |       |       |       |       |       |       |     1 |       ||     1
       Royal jelly       |       |       |       |       |       |       |       |       |     1 ||     1
